Map: Pillars of Gold LE

Players

Slaight - Winner!

  • Race: Protoss Protoss
  • League: Platinum
  • Spawn Location: 1:00

VOD

Have the link to the VOD?

Description

Time

  • Played on: July 24, 2020, 1:22 a.m.
  • Length: 17:08
Show
View Real Time Build Order
Export as new Build Order

Slaight Protoss - Winner!

Build Orders:  

Get SALT Encoding   

  12  0:03  Probe (Chrono Boost)  
  14  0:20  Probe (Chrono Boost)  
  14  0:27  Pylon  
  14  0:37  Probe (Chrono Boost)  
  15  0:43  Assimilator  
  15  0:57  Probe (Chrono Boost)  
  16  1:08  Gateway  
  16  1:15  Probe (Chrono Boost)  
  17  1:32  Probe (Chrono Boost)  
  18  1:49  Probe (Chrono Boost)  
  19  2:02  Nexus  
  19  2:08  Probe (Chrono Boost)  
  20  2:23  Cybernetics Core  
  20  2:33  Probe (Chrono Boost)  
  20  2:37  Assimilator  
  21  2:46  Pylon  
  22  2:50  Probe (Chrono Boost)  
  22  3:07  Probe (Chrono Boost)  
  23  3:24  Probe (Chrono Boost)  
  23  3:28  Robotics Facility  
  27  3:40  Probe (Chrono Boost)  
  27  3:46  Probe (Chrono Boost)  
  28  3:52  Unknown  
  28  3:54  Stalker  
  28  3:57  Probe (Chrono Boost), Twilight Council  
  31  4:14  Probe (Chrono Boost)  
  31  4:15  Probe (Chrono Boost)  
  33  4:20  Warp Prism  
  34  4:31  Probe (Chrono Boost)  
  36  4:43  Unknown  
  36  4:46  Warp Gate  
  36  4:56  Gateway  
  37  5:02  Probe (Chrono Boost), Immortal  
  37  5:08  Probe (Chrono Boost)  
  42  5:27  Gateway  
  42  5:31  Unknown  
  40  5:43  Immortal  
  40  5:54  Charge  
  44  6:09  Pylon  
  44  6:16  Pylon  
  44  6:23  Gateway  
  44  6:26  Gateway  
  44  6:31  Zealot  
  46  6:41  Gateway  
  46  6:45  Pylon  
  46  6:49  Zealot x2  
  50  7:14  Pylon  
  50  7:26  Zealot  
  50  7:27  Zealot x2  
  56  7:53  Zealot x2  
  60  8:29  Zealot  
  62  8:30  Zealot x5  
Tags
 
Add a new tag
Caveats
  • Supply blocks, unpowered buildings, or Contaminate may cause inaccurate times.
  • Supply counts are checked every 10 seconds.